 Dungeon Crawl Stone Soup version 0.28.0-53-g5a82cb258f (webtiles) character file.

Game seed: 3057132476679837529

212 GigaChad the Slasher (level 5, -2/45 HPs)
             Began as a Minotaur Gladiator on Aug 20, 2022.
             Slain by an orc wizard
             ... wielding a +0 dagger
              (3 damage)
             ... on level 4 of the Dungeon.
             The game lasted 00:07:05 (3256 turns).

GigaChad the Slasher (Minotaur Gladiator)           Turns: 3256, Time: 00:07:06

Health: -2/45      AC:  3    Str: 21    XL:     5   Next: 58%
Magic:  4/4        EV: 12    Int:  5    God:
Gold:   114        SH:  0    Dex: 11    Spells: 4/4 levels left

rFire   . . .      SeeInvis .   a - +0 long sword
rCold   . . .      Faith    .   (no shield)
rNeg    . . .      Spirit   .   b - +0 leather armour
rPois   .          Reflect  .   c - +0 hat
rElec   .          Harm     .   (no cloak)
rCorr   .          Rampage  .   (no gloves)
Will    .....                   (no boots)
Stlth   +.........              f - amulet of the acrobat
HPRegen 0.15/turn               (no ring)
MPRegen 0.09/turn               (no ring)

@: no status effects
A: horns 2, retaliatory headbutt
a: no special abilities


You were on level 4 of the Dungeon.
You visited 1 branch of the dungeon, and saw 4 of its levels.

You collected 114 gold pieces.

Inventory:

Hand Weapons
 a - a +0 long sword (weapon)
Missiles
 d - 3 throwing nets (quivered)
 k - 6 boomerangs of dispersal
Armour
 b - a +0 leather armour (worn)
 c - a +0 hat (worn)
Jewellery
 f - an amulet of the acrobat (around neck)
Scrolls
 e - a scroll of acquirement {unknown}
 g - 2 scrolls of identify
 i - a scroll of silence {unknown}
 j - a scroll of magic mapping {unknown}
Potions
 h - 2 potions of flight
 l - 2 potions of curing {unknown}


   Skills:
 + Level 3.2 Fighting
 + Level 5.7 Long Blades
 + Level 2.3 Throwing
 + Level 2.3 Armour
 + Level 4.2 Dodging
 + Level 0.7 Stealth


You had 4 spell levels left.
You didn't know any spells.
Your spell library contained the following spells:

 Spells                   Type           Power      Damage    Failure   Level
 Freeze                   Ice            0%         1d3       52%         1
 Frozen Ramparts          Ice            0%         1d2       88%         3
 Gell's Gravitas          Tloc           0%         N/A       88%         3
 Lesser Beckoning         Tloc           0%         N/A       88%         3
 Teleport Other           Tloc           0%         N/A       88%         3
 Hailstorm                Conj/Ice       0%         3d3       99%         4


Dungeon Overview and Level Annotations

Branches:
Dungeon (4/15)
 Temple: D:4-7

Altars:


Innate Abilities, Weirdness & Mutations

You have a pair of horns on your head.
You reflexively headbutt those who attack you in melee.


Message History

You kill the orc!
The orc wizard mumbles some strange words.
The orc wizard flickers and vanishes!
Deactivating autopickup; reactivate with Ctrl-A.
The orc barely misses you. x2
Things that are here:
a +0 dagger; a +0 ring mail; an orc corpse The orc misses you.
You furiously retaliate!
You headbutt the orc.
The orc throws a boomerang.
The boomerang misses you.
You barely miss the orc. You headbutt the orc.
You kill the orc!
The orc wizard mumbles some strange words.
The orc wizard flickers and vanishes!
You barely miss the orc. The orc hits you with a +0 hand axe.
You hit the orc.
The orc is moderately wounded.
The orc barely misses you.
You barely miss the orc.
The orc is moderately wounded.
You miss something. The orc hits you but does no damage.
You hear some strange, mumbled words.
A magic dart appears from out of thin air!
The magic dart hits you!
You hit something but do no damage. Your headbutt misses something.
The orc hits you with a +0 hand axe.
You closely miss the orc.
The orc is moderately wounded.
You barely miss something.
You hear some strange, mumbled words.
A puff of flame appears from out of thin air!
The puff of flame hits you!
* * * LOW HITPOINT WARNING * * *
The orc throws a boomerang.
The boomerang hits you.
* * * LOW HITPOINT WARNING * * *
Something hits you but does no damage. Something hits you.
* * * LOW HITPOINT WARNING * * *
You miss something.
An orc comes into view. It is wielding a +0 hand axe.
Something hits you.
You die...

#.. ##.###### #.......#
#.......# .........
#.......# ........
#.......# .......
##.......## ......#
#.........# ....<.#
#@{.......#
o.....##########)#######.##
..........o.{..oS# #..#
...........oo.ooo# ##.####
##...############# #....##
.:..## ####..# .#.## ##.#
... #.# ... ##.#


You could see an orc priest, 3 orcs and a ball python.

Vanquished Creatures
  A scorpion (D:4)
  2 iguanas (D:4)
  2 adders (D:2)
  2 worms
  5 dart slugs
  2 orcs (D:4)
  8 ball pythons
  3 endoplasms
  2 giant cockroaches
  6 goblins
  10 hobgoblins
  4 quokkas
  4 bats
  3 frilled lizards
  6 kobolds
  2 rats (D:3)
62 creatures vanquished.

Vanquished Creatures (others)
  A fungus (D:1)
  12 plants (D:4)
13 creatures vanquished.

Grand Total: 75 creatures vanquished

Notes
Turn   | Place    | Note
-------+----------+-------------------------------------------
     0 | D:1      | GigaChad the Minotaur Gladiator began the quest for the
                  | Orb.
     0 | D:1      | Reached XP level 1. HP: 18/18 MP: 0/0
   172 | D:1      | Reached skill level 4 in Long Blades
   230 | D:1      | Reached XP level 2. HP: 24/25 MP: 1/1
   718 | D:1      | Found a faded altar of an unknown god.
  1295 | D:2      | Reached XP level 3. HP: 28/30 MP: 2/2
  1771 | D:2      | Reached skill level 1 in Armour
  1979 | D:2      | Reached XP level 4. HP: 37/37 MP: 3/3
  2500 | D:3      | Reached skill level 5 in Long Blades
  2922 | D:4      | Reached XP level 5. HP: 44/44 MP: 4/4
  3255 | D:4      | HP: 1/45 [something (4)]
  3256 | D:4      | Slain by an orc wizard

Illustrated notes

Levels and vault maps discovered:
D:1:      sevenhm_arrival_forest_fort_large_2, layout_loops_corners,
          dreamdust_ecumenical_altar_grove
D:2:      minmay_alternating_diamond, layout_loops_ring
D:3:      layout_basic, jmf_multi_god_temple
D:4:      layout_rooms, nzn_hepliaklqana_mist_gate,
          minmay_temple_entry_proselytizer, chequers_big_river,
          hangedman_decor_peaks_small

Skill      XL: |  1  2  3  4  5 |
---------------+----------------+-----
Long Blades    | 4 5 |  5.7
Armour         | 1 2 |  2.3
Dodging        | 4 |  4.2
Fighting       | 3 |  3.2
Throwing       | |  2.3
Stealth        | |  0.7

Action                   |  1- 3 |  4- 6 || total
-------------------------+-------+-------++-------
Melee: Long sword        |    64 |    71 ||   135
       Headbutt          |    15 |     9 ||    24
  Use: Scroll            |     2 |       ||     2
Armor: Leather armour    |    12 |     9 ||    21
Dodge: Dodged            |    42 |    80 ||   122
